 Dungeon Crawl Stone Soup version 0.24-a0-415-g6d73c25c48 (webtiles) character file.

Game seed: 8279583198152799826

9505 KrasnyyBoyets the Fighter (level 11, -20/110 HPs)
             Began as a Deep Dwarf Fighter on June 7, 2019.
             Was a Believer of Makhleb.
             Demolished by a two-headed ogre
             ... wielding a +0 giant club
              (23 damage)
             ... on level 10 of the Dungeon.
             The game lasted 01:32:23 (9787 turns).

KrasnyyBoyets the Fighter (Deep Dwarf Fighter)      Turns: 9787, Time: 01:32:24

Health: -20/110    AC: 14    Str: 24    XL:     11   Next: 23%
Magic:  2/2        EV:  8    Int:  8    God:    Makhleb [**....]
Gold:   196        SH: 10    Dex: 17    Spells: 3/12 levels left

rFire    . . .     SeeInvis .   N - +1 war axe (chop)
rCold    . . .     Gourm    .   c - +0 shield
rNeg     . . .     Faith    .   Q - +0 plate armour
rPois    .         Spirit   .   (no helmet)
rElec    .         Reflect  .   (no cloak)
rCorr    .         Harm     .   (no gloves)
MR       ++...                  L - +2 pair of boots {Fly}
Stlth    ..........             (no amulet)
HPRegen  0.00/turn              h - +5 ring of dexterity
MPRegen  0.08/turn              I - ring of protection from magic

@: flying, non-regenerating
A: damage resistance, heal wounds, sense surroundings 2, no regeneration
a: Heal Wounds, Minor Destruction, Renounce Religion, Stop Flying


You were on level 10 of the Dungeon.
You worshipped Makhleb.
Makhleb was pleased with you.
You were hungry.

You visited 2 branches of the dungeon, and saw 11 of its levels.

You collected 384 gold pieces.
You spent 188 gold pieces at shops.

Inventory:

Hand Weapons
 b - the +3 executioner's axe "Zaewkome" {elec, +Inv rN+}
   (You found it on level 8 of the Dungeon)

   Occasionally, upon striking a foe, it will discharge some electrical energy
   and cause terrible harm.
   It protects you from negative energy.
   It lets you turn invisible.
 H - a cursed +4 dagger
 N - a +1 war axe of chopping (weapon)
 R - a +1 mace of holy wrath
 T - a +2 scimitar of flaming
 U - a +5 trident
 V - a +5 great sword of protection
Armour
 c - a +0 shield (worn)
 n - a +0 chain mail
 w - a +2 ring mail of fire resistance
 L - a +2 pair of boots of flying (worn)
 O - quicksilver dragon scales
 Q - a +0 plate armour (worn)
Magical Staves
 a - an uncursed staff of air {unknown}
 E - an uncursed staff of summoning
Jewellery
 h - a +5 ring of dexterity (left hand)
 C - an uncursed ring of resist corrosion
 I - a ring of protection from magic (right hand)
Wands
 u - a wand of random effects (33)
 A - a wand of iceblast (4)
 G - a wand of flame (26)
 M - a wand of digging (3)
 S - a wand of paralysis (7)
Scrolls
 i - 2 scrolls of remove curse
 m - 2 scrolls of enchant armour {unknown}
 o - a scroll of immolation {unknown}
 s - 3 scrolls of teleportation {unknown}
 t - 3 scrolls of blinking {unknown}
 y - a scroll of random uselessness {unknown}
 D - 3 scrolls of magic mapping {unknown}
 F - 2 scrolls of amnesia {unknown}
Potions
 d - 2 potions of might
 e - a potion of degeneration {unknown}
 g - 3 potions of brilliance
 k - a potion of invisibility {unknown}
 p - a potion of lignification {unknown}
 r - 2 potions of haste {unknown}
 v - 4 potions of flight
 x - 2 potions of agility {unknown}
 z - 2 potions of heal wounds {unknown}
 K - a potion of magic {unknown}
 P - 2 potions of mutation {unknown}
 W - a potion of experience {unknown}
Comestibles
 f - 16 rations


   Skills:
 * Level 10.3 Fighting
 - Level 2.2 Short Blades
 - Level 9.6 Axes
 - Level 3.2 Armour
 * Level 6.6 Dodging
 - Level 3.2 Shields
 + Level 1.0 Spellcasting
 - Level 5.0 Hexes
 - Level 3.3 Summonings
 * Level 5.8 Evocations


You had 3 spell levels left.
You knew the following spells:

 Your Spells              Type           Power        Failure   Level  Hunger
a - Confuse               Hex            #.......     100%        3    ####...
b - Corona                Hex            #......      99%         1    ##.....
c - Call Imp              Summ           #.......     100%        2    ###....
d - Tukima's Dance        Hex            #.......     100%        3    ####...

Your spell library contained the following spells:

 Spells                   Type           Power        Failure   Level  Hunger
 Confusing Touch          Hex            #.....       99%         1    ##.....
 Animate Skeleton         Necr           N/A          100%        1    ##.....
 Apportation              Tloc           #.....       100%        1    ##.....
 Summon Small Mammal      Summ           #...         100%        1    ##.....
 Ensorcelled Hibernation  Hex/Ice        #.....       100%        2    ###....
 Call Canine Familiar     Summ           #.......     100%        3    ####...
 Dazzling Spray           Conj/Hex       #.....       100%        3    ####...
 Summon Guardian Golem    Hex/Summ       #.......     100%        3    ####...
 Summon Ice Beast         Ice/Summ       #.......     100%        4    #####..
 Summon Lightning Spire   Summ/Air       #.......     100%        4    #####..


Dungeon Overview and Level Annotations

Branches:
Dungeon (10/15)            Temple (1/1) D:6            Lair (0/6) D:9
    Orc: D:9-12

Altars:
Ashenzari
Cheibriados
Dithmenos
Elyvilon
Fedhas
Gozag
Hepliaklqana
Kikubaaqudgha
Makhleb
Nemelex Xobeh
Okawaru
Qazlal
Ru
Sif Muna
Trog
Uskayaw
Vehumet
Wu Jian
Xom
Yredelemnul
Zin
The Shining One

Shops:
D:7 (


Innate Abilities, Weirdness & Mutations

You are resistant to damage.
You can heal yourself by infusing magical energy.
You passively map the area around you.
You do not regenerate.


Message History

The two-headed ogre hits you with a +0 giant club! x2
* * * LOW HITPOINT WARNING * * *
You feel much better.
Your shield and plate armour prevent you from hitting the two-headed ogre.
The two-headed ogre hits you with a +0 giant club!!
* * * LOW HITPOINT WARNING * * *
You block the two-headed ogre's attack.
You feel much better.
The two-headed ogre hits you with a +0 giant club!!
* * * LOW HITPOINT WARNING * * *
You block the two-headed ogre's attack.
You feel much better.
The two-headed ogre hits you with a +0 giant club.
The two-headed ogre hits you with a +0 giant club!!
* * * LOW HITPOINT WARNING * * *
Your plate armour prevents you from hitting the two-headed ogre.
The two-headed ogre hits you with a +0 giant club!
* * * LOW HITPOINT WARNING * * *
The two-headed ogre hits you with a +0 giant club!!
You die...

#.#
#................
#.#
#..#....#........
#.#
#..#....#.##+##.#
#.# ##..#....#.#
#.# #.#
#...#+####.# #.+
#.# #.......... ,
#.#
#.#######.........
, #.#
#.........O......
,,#..
#........@.......,
*, *,
###..............
, ,
#..............
,<,*
#..######......
,** * #..#
.....$,, , #..#
*......, , #..#
,...!.,,, , #..#*
..### ,, * ,,,


You could see a two-headed ogre.

Vanquished Creatures
  Erica (D:8)
  A two-headed ogre (D:10)
  Pikel (D:6)
  3 trolls
  Prince Ribbit (D:6)
  A wyvern (D:8)
  Sigmund (D:3)
  A human (D:7)
  4 hogs (D:7)
  2 steam dragons (D:9)
  A hungry ghost (D:10)
  A black bear (D:10)
  3 sky beasts
  3 phantoms
  7 orc warriors
  2 ice beasts
  5 ogres
  6 wolves (D:9)
  4 centaurs
  A big kobold (D:7)
  6 bullfrogs
  2 scorpions
  6 killer bees
  3 wights (D:6)
  3 jellies
  An electric eel (D:9)
  3 crimson imps
  A bullfrog zombie (D:5)
  2 centaur zombies
  8 hounds
  9 orc wizards
  5 orc priests
  3 bullfrog skeletons
  Jessica (D:2)
  Terence (D:2)
  5 iguanas
  Natasha (thrice) (D:2)
  5 worker ants
  A hound skeleton (D:7)
  A worker ant zombie (D:8)
  Robin (D:3)
  6 gnolls
  13 adders
  3 shadow imps
  3 oozes
  An adder skeleton (D:4)
  2 worms
  3 dart slugs
  9 leopard geckos
  26 orcs
  A ball python (D:2)
  7 bats
  6 giant cockroaches
  8 hobgoblins
  26 jackals
  14 kobolds
  A quokka (D:8)
  6 frilled lizards
  14 goblins
  A quokka skeleton (D:4)
  6 rats
275 creatures vanquished.

Vanquished Creatures (collateral kills)
  A phantom (D:8)
  A bullfrog (D:8)
  A wight (D:8)
  An orc priest (D:8)
  An orc (D:8)
5 creatures vanquished.

Vanquished Creatures (others)
  Grum (D:9)
  A slave (D:6)
  A jackal (D:6)
  A quokka (D:9)
4 creatures vanquished.

Grand Total: 284 creatures vanquished

Notes
Turn   | Place    | Note
-------+----------+-------------------------------------------
     0 | D:1      | KrasnyyBoyets the Deep Dwarf Fighter began the quest for
                  | the Orb.
     0 | D:1      | Reached XP level 1. HP: 20/20 MP: 1/1
   125 | D:1      | Reached skill level 3 in Fighting
   125 | D:1      | Reached XP level 2. HP: 19/28 MP: 2/2
   598 | D:1      | Reached XP level 3. HP: 20/34 MP: 3/3
   955 | D:2      | Noticed Natasha
   966 | D:2      | Killed Natasha
  1010 | D:2      | Reached XP level 4. HP: 36/44 MP: 3/3
  1018 | D:2      | Found a sacrificial altar of Ru.
  1081 | D:2      | Noticed Natasha
  1095 | D:2      | Killed Natasha
  1191 | D:2      | Noticed Natasha
  1200 | D:2      | Killed Natasha
  1200 | D:2      | Reached skill level 4 in Fighting
  1265 | D:2      | You fall into a shaft and drop 2 floors!
  1269 | D:4      | Noticed a phantom
  1311 | D:4      | Reached XP level 5. HP: 45/50 MP: 3/3
  1323 | D:4      | Killed a phantom
  1323 | D:4      | Reached skill level 5 in Axes
  1334 | D:4      | Reached XP level 6. HP: 50/58 MP: 4/4
  1487 | D:4      | Reached skill level 5 in Fighting
  1817 | D:3      | Noticed Robin
  1834 | D:3      | Killed Robin
  1840 | D:3      | Reached XP level 7. HP: 65/67 MP: 5/5
  1905 | D:2      | Noticed Jessica
  1910 | D:2      | Killed Jessica
  2077 | D:2      | Noticed Terence
  2083 | D:2      | Killed Terence
  2265 | D:2      | Reached skill level 1 in Dodging
  2587 | D:3      | Noticed Sigmund
  2607 | D:3      | Killed Sigmund
  3564 | D:4      | Reached skill level 6 in Fighting
  4028 | D:5      | Entered Level 5 of the Dungeon
  4042 | D:5      | Upgraded the game from 0.24-a0-412-ge138f7edaf to
                  | 0.24-a0-415-g6d73c25c48
  4046 | D:5      | Learned a level 3 spell: Confuse
  4123 | D:5      | Reached XP level 8. HP: 52/76 MP: 6/6
  4135 | D:5      | Reached skill level 1 in Hexes
  4186 | D:5      | Found a deep blue altar of Sif Muna.
  5009 | D:6      | Reached skill level 7 in Fighting
  5028 | D:6      | Learned a level 1 spell: Corona
  5132 | D:6      | Learned a level 2 spell: Call Imp
  5175 | D:6      | Gained mutation: You passively map the area around you.
                  | [Deep Dwarf growth]
  5175 | D:6      | Reached XP level 9. HP: 66/86 MP: 3/5
  5455 | D:6      | Noticed Pikel
  5464 | D:6      | Killed Pikel
  5464 | D:6      | Reached skill level 1 in Summonings
  5508 | D:6      | Noticed Prince Ribbit
  5515 | D:6      | Found a staircase to the Ecumenical Temple.
  5552 | D:6      | Killed Prince Ribbit
  5590 | Temple   | Entered the Ecumenical Temple
  5629 | Temple   | Became a worshipper of Makhleb the Destroyer
  6347 | D:7      | Found Ywenusen's Antique Weapon Boutique.
  6352 | D:7      | Bought a glowing war axe for 188 gold pieces
  6452 | D:7      | Found a burning altar of Makhleb.
  6703 | D:7      | Found a glowing silver altar of Zin.
  6703 | D:7      | Found a shattered altar of Ashenzari.
  6703 | D:7      | Found a bloodstained altar of Trog.
  6822 | D:7      | Found a stormy altar of Qazlal.
  6871 | D:7      | Reached skill level 8 in Fighting
  6877 | D:7      | Reached * piety under Makhleb
  6877 | D:7      | Reached skill level 5 in Dodging
  6879 | D:7      | Reached XP level 10. HP: 36/96 MP: 3/3
  6910 | D:7      | Learned a level 3 spell: Tukima's Dance
  7593 | D:8      | Noticed Erica
  7606 | D:8      | Killed Erica
  7616 | D:8      | Found a glowing golden altar of the Shining One.
  7681 | D:8      | Reached skill level 9 in Fighting
  8044 | D:8      | Reached skill level 1 in Evocations
  8232 | D:8      | Got a transparent executioner's axe
  8233 | D:8      | Identified the cursed +3 executioner's axe "Zaewkome"
                  | {elec, +Inv rN+} (You found it on level 8 of the Dungeon)
  8762 | D:9      | Found a staircase to the Lair.
  8790 | D:9      | Noticed Grum
  8837 | D:9      | Reached skill level 5 in Hexes
  8938 | D:9      | Reached ** piety under Makhleb
  9141 | D:9      | Reached skill level 10 in Fighting
  9274 | D:9      | Reached XP level 11. HP: 70/108 MP: 2/2
  9280 | D:9      | Killed Grum
  9508 | D:10     | Entered Level 10 of the Dungeon
  9508 | D:10     | Noticed a two-headed ogre
  9516 | D:10     | Reached skill level 5 in Evocations
  9521 | D:10     | Killed a two-headed ogre
  9646 | D:10     | Reached skill level 1 in Spellcasting
  9763 | D:10     | Noticed a two-headed ogre
  9785 | D:10     | HP: 1/110 [two-headed ogre/+0 giant club (23)]
  9787 | D:10     | Demolished by a two-headed ogre

Levels and vault maps discovered:
D:1:      minmay_arrival_shattered_statue, layout_basic, minmay_misc_feat_tower,
          minmay_pentomino_z2
D:2:      layout_loops_ring, old_standard_altar, first_ration,
          kennysheep_generic_room_6, uniq_jessica, uniq_natasha, uniq_terence
D:3:      layout_basic, uniq_sigmund, uniq_robin
D:4:      layout_cave_pools
D:5:      layout_basic, old_standard_altar
D:6:      layout_basic, minmay_temple_entry_overgrown, st_stairs_5, uniq_pikel,
          uniq_prince_ribbit1
D:7:      layout_rooms, marbit_many_paths, gammafunk_temple_overflow_claw,
          serial_shops, kennysheep_little_box, basic_altar, grunt_livestock
D:8:      layout_cave_pods, tso_altar, minmay_pinched_square, uniq_erica
D:9:      layout_rooms, erik_lair_island, uniq_grum
D:10:     layout_irregular_city, zombieorc2_lemuel, serial_shops,
          nicolae_shop_trees, chequers_garden, uniq_urug
Temple:   regret_index_temple_waves

Skill      XL: |  1  2  3  4  5  6  7  8  9 10 11 |
---------------+----------------------------------+-----
Fighting       | 3 4 5 6 7 8 10 | 10.3
Axes           | 3 4 5 6 7 8 9 |  9.6
Dodging        | 2 3 5 6 |  6.6
Hexes          | 3 4 5 |  5.0
Summonings     | 3 |  3.3
Short Blades   | 2 |  2.2
Evocations     | 4 5 |  5.8
Spellcasting   | 1 |  1.0
Armour         | |  3.2
Shields        | |  3.2

Action                   |  1- 3 |  4- 6 |  7- 9 | 10-12 || total
-------------------------+-------+-------+-------+-------++-------
Melee: War axe           |    76 |   144 |   368 |   141 ||   729
       Executioner's axe |       |       |       |    80 ||    80
       Dagger            |       |       |       |     2 ||     2
 Cast: Corona            |       |       |     2 |       ||     2
Invok: Minor Destruction |       |       |       |     1 ||     1
 Abil: Heal Wounds       |     1 |     4 |    16 |    42 ||    63
       Evoke Invisibilit |       |       |       |     2 ||     2
Evoke: Wand              |       |       |     1 |    13 ||    14
  Use: Potion            |       |     1 |     1 |     4 ||     6
       Scroll            |       |       |     3 |     8 ||    11
  Eat: Chunk             |     1 |     3 |    13 |    11 ||    28
       Ration            |       |       |     1 |     2 ||     3
Armor: Scale mail        |    50 |       |       |       ||    50
       Chain mail        |    16 |    98 |    13 |       ||   127
       Ring mail         |       |       |   140 |     6 ||   146
       Plate armour      |       |       |       |   166 ||   166
       Quicksilver drago |       |       |       |     1 ||     1
Dodge: Dodged            |    27 |    28 |   175 |   139 ||   369
Block: Shield            |    61 |   105 |   235 |   117 ||   518

Table legend:
 A = Non-vault XP
 B = Vault XP
 C = Vault XP percentage of total XP
 D = Non-vault monster count
 E = Vault monster count
 F = Vault count percentage of total count
                 A         B        C        D         E       F
            +---------+---------+-------+---------+---------+-------
      Total |    8106 |    5473 |  40.3 |     230 |      51 |  18.1
            +---------+---------+-------+---------+---------+-------
        D:1 |      42 |       3 |   6.7 |      18 |       2 |  10.0
        D:2 |     109 |     121 |  52.6 |      26 |       4 |  13.3
        D:3 |     186 |     244 |  56.7 |      29 |      13 |  31.0
        D:4 |     632 |       0 |   0.0 |      28 |       0 |   0.0
        D:5 |     448 |       0 |   0.0 |      13 |       0 |   0.0
        D:6 |     973 |     863 |  47.0 |      30 |       4 |  11.8
        D:7 |    1126 |    1018 |  47.5 |      27 |       6 |  18.2
        D:8 |     770 |    1922 |  71.4 |      20 |      12 |  37.5
        D:9 |    1822 |    1302 |  41.7 |      27 |      10 |  27.0
       D:10 |    1998 |       0 |   0.0 |      12 |       0 |   0.0
            +---------+---------+-------+---------+---------+-------
